 Dungeon Crawl Stone Soup version 0.20.1-1-g8b1a95d (webtiles) character file.

121 ninurtach the Chopper (level 4, -1/39 HPs)
             Began as a Minotaur Fighter on Nov 14, 2017.
             Slain by an ogre
             ... wielding a +0 giant spiked club
              (13 damage)
             ... on level 4 of the Dungeon.
             The game lasted 00:03:51 (2162 turns).

ninurtach the Chopper (Minotaur Fighter)            Turns: 2162, Time: 00:03:51

Health: -1/39      AC:  6    Str: 21    XL:     4   Next: 77%
Magic:  3/3        EV:  8    Int:  5    God:
Gold:   186        SH:  9    Dex: 10    Spells: 3/3 levels left

rFire    + . .     SeeInvis .   a - +0 war axe
rCold    . . .     Gourm    .   c - +0 shield
rNeg     . . .     Faith    .   i - +1 ring mail {rF+}
rPois    .         Spirit   .   (helmet restricted)
rElec    .         Reflect  .   (no cloak)
rCorr    .         Harm     .   (no gloves)
MR       .....                  (no boots)
Stlth    ..........             (no amulet)
Regen    0.2/turn               (no ring)
MPRegen  0.1/turn               (no ring)

@: no status effects
A: retaliatory headbutt, horns 2
a: no special abilities


You were on level 4 of the Dungeon.
You were not hungry.

You visited 1 branch of the dungeon, and saw 4 of its levels.

You collected 186 gold pieces.

Inventory:

Hand Weapons
 a - a +0 war axe (weapon)
Armour
 c - a +0 shield (worn)
 i - a +1 ring mail of fire resistance (worn)
Jewellery
 s - an uncursed ring of protection from fire {unknown}
Scrolls
 b - 3 scrolls of identify {unknown}
 g - a scroll of blinking {unknown}
 k - 3 scrolls of teleportation {unknown}
 m - a scroll of random uselessness {unknown}
 n - a scroll of remove curse {unknown}
 o - a scroll of amnesia {unknown}
 p - 2 scrolls of recharging {unknown}
 q - a scroll of fear {unknown}
 t - a scroll of fog {unknown}
Potions
 d - 3 potions of might
 e - a potion of degeneration {unknown}
 h - a potion of flight {unknown}
 r - a potion of curing
 u - a potion of heal wounds {unknown}
Comestibles
 f - a bread ration
 j - 2 chunks of flesh
 l - a royal jelly


   Skills:
 - Level 3.6 Fighting
 + Level 6.1 Axes
 - Level 3.6 Armour
 - Level 3.6 Shields


You had 3 spell levels left.
You didn't know any spells.

Dungeon Overview and Level Annotations

Branches:
Dungeon (4/15)
 Temple: D:4-7

Altars:
Fedhas
Hepliaklqana
Trog


Innate Abilities, Weirdness & Mutations

You reflexively headbutt those who attack you in melee.
You have a pair of horns on your head.


Message History

Spoiler Alert: The ogre can hit for high damage in melee!
You hit the ogre.
Your shield prevents you from hitting the leopard gecko.
You block the leopard gecko's attack.
The ogre hits you with a giant spiked club!
* * * LOW HITPOINT WARNING * * *
You take 17 damage, and have 1/39 hp.
MASSIVE DAMAGE!!
Spoiler Alert: The ogre can hit for high damage in melee!
You block the leopard gecko's attack.
It was a potion of curing.
You feel better.
The leopard gecko hisses menacingly.
You block the leopard gecko's attack.
You regained 11 hp, and now have 12/39 hp.
You hit the leopard gecko.
You kill the leopard gecko!
The ogre completely misses you.
Spoiler Alert: The ogre can hit for high damage in melee!
You hit the ogre.
The ogre hits you with a giant spiked club!
You die...

.# .# ###.##
#....# ##
#....##... #+
#.........
#.###.........
#.@O<........#
#####........#
..........+
###........#
#........#
....#....#
....#....#
.....#....#


You could see an ogre.

Vanquished Creatures
  Jessica (D:2)
  An adder (D:2)
  A gnoll (D:1)
  A worm (D:3)
  3 dart slugs
  3 leopard geckos
  2 orcs (D:3)
  8 bats
  2 giant cockroaches
  10 goblins
  8 hobgoblins
  4 jackals (D:3)
  2 quokkas (D:2)
  A ball python (D:2)
  A frilled lizard (D:2)
  5 kobolds
  4 rats (D:2)
57 creatures vanquished.

Notes
Turn   | Place    | Note
-------+----------+-------------------------------------------
     0 | D:1      | ninurtach the Minotaur Fighter began the quest for the Orb.
     0 | D:1      | Reached XP level 1. HP: 19/19 MP: 0/0
    91 | D:1      | You fall through a shaft!
   113 | D:2      | Reached skill level 3 in Axes
   282 | D:2      | Reached XP level 2. HP: 26/26 MP: 1/1
   394 | D:1      | Reached skill level 4 in Axes
   741 | D:1      | Reached XP level 3. HP: 31/31 MP: 2/2
  1228 | D:2      | Noticed Jessica
  1237 | D:2      | Killed Jessica
  1237 | D:2      | Reached skill level 5 in Axes
  1237 | D:2      | Reached XP level 4. HP: 28/39 MP: 3/3
  1499 | D:2      | Found a bloodstained altar of Trog.
  1878 | D:3      | Reached skill level 6 in Axes
  1903 | D:3      | Found a blossoming altar of Fedhas.
  1903 | D:3      | Found a hazy altar of Hepliaklqana.
  2152 | D:4      | Noticed an ogre
  2157 | D:4      | HP: 1/39 [ogre/giant spiked club (17)]
  2162 | D:4      | Slain by an ogre

Skill      XL: |  1  2  3  4 |
---------------+-------------+-----
Axes           | 3 4 5 6 |  6.1
Fighting       | |  3.6
Armour         | |  3.6
Shields        | |  3.6

Action                   |  1- 3 |  4- 6 || total
-------------------------+-------+-------++-------
Melee: War axe           |    69 |    47 ||   116
       Headbutt          |    13 |     6 ||    19
  Use: Potion            |       |     1 ||     1
  Eat: Chunk             |     1 |     3 ||     4
Armor: Ring mail         |    29 |    14 ||    43
       Scale mail        |     2 |       ||     2
Dodge: Dodged            |    26 |    24 ||    50
Block: Shield            |    37 |    32 ||    69
